 Dungeon Crawl Stone Soup version 0.29.1-15-g9cfb28693d (webtiles) character file.

Game seed: 9225436969641145638

926 Sanktem7 the Covered (level 7, -2/63 HPs)
             Began as a Minotaur Fighter on Mar 15, 2023.
             Slain by a lemure (8 damage)
             ... led by Pikel
             ... on level 5 of the Dungeon.
             The game lasted 00:06:40 (4160 turns).

Sanktem7 the Covered (Minotaur Fighter)             Turns: 4160, Time: 00:06:40

Health: -2/63      AC:  7    Str: 22    XL:     7   Next: 85%
Magic:  6/6        EV: 10    Int:  7    God:
Gold:   275        SH: 10    Dex:  8    Spells: 6/6 levels left

rFire   . . .      SeeInvis +   b - +0 war axe {axe}
rCold   . . .      Faith    .   c - +0 buckler
rNeg    . . .      Spirit   .   y - +1 ring mail of a treasure trove {Rampage Int+2 Dex-2 SInv}
rPois   .          Reflect  +   (helmet restricted)
rElec   .          Harm     .   (no cloak)
rCorr   .          Rampage  +   (no gloves)
Will    .....                   (no boots)
Stlth   ..........              u - amulet of reflection
HPRegen 0.20/turn               (no ring)
MPRegen 0.10/turn               (no ring)

@: studying Armour
A: horns 2, retaliatory headbutt
a: no special abilities


You were on level 5 of the Dungeon.
You visited 1 branch of the dungeon, and saw 5 of its levels.

You collected 275 gold pieces.


Innate Abilities, Weirdness & Mutations

You have a pair of horns on your head.
You reflexively headbutt those who attack you in melee.


   Skills:
 + Level 6.0 Fighting
 * Level 7.2 Axes
 + Level 7.6 Armour
 + Level 6.0 Shields


You had 6 spell levels left.
You didn't know any spells.
Your spell library contained the following spells:

 Spells                   Type           Power      Damage    Failure   Level
 Gell's Gravitas          Tloc           0%         N/A       95%         3
 Lesser Beckoning         Tloc           0%         N/A       95%         3
 Teleport Other           Tloc           0%         N/A       95%         3

Inventory:

Hand Weapons
 b - a +0 war axe (weapon) {axe}
 l - a +1 dagger of electrocution {short}
   (You took it off a goblin on level 2 of the Dungeon)
 n - a +2 dagger of speed {short}
   (You found it on level 2 of the Dungeon)
 t - a +1 short sword of flaming {short}
   (You took it off an orc on level 3 of the Dungeon)
Missiles
 h - 62 stones (quivered) {throwing}
Armour
 c - a +0 buckler (worn)
 y - the +1 ring mail of a treasure trove (worn) {Rampage Int+2 Dex-2 SInv}
   (You found it on level 4 of the Dungeon)

   Int:       It affects your intelligence (+2).
   Dex:       It affects your dexterity (-2).
   SInv:      It lets you see invisible.
   Rampage:   It bestows one free step when moving towards enemies.
Jewellery
 s - a ring of positive energy
   (You found it on level 2 of the Dungeon)
 u - an amulet of reflection (around neck)
   (You took it off an orc on level 3 of the Dungeon)
 v - a ring of resist corrosion
   (You found it on level 3 of the Dungeon)
Scrolls
 a - 2 scrolls of poison {unknown}
 g - 2 scrolls of teleportation {unknown}
 j - 3 scrolls of identify {unknown}
 m - 2 scrolls of immolation {unknown}
 o - a scroll of fear {unknown}
 w - 2 scrolls of vulnerability {unknown}
 x - a scroll of butterflies {unknown}
 z - a scroll of magic mapping {unknown}
Potions
 d - a potion of might
 e - a potion of degeneration {unknown}
 f - 3 potions of lignification {unknown}
 i - 2 potions of flight {unknown}
 k - a potion of curing {unknown}
 p - a potion of invisibility {unknown}
 q - a potion of mutation {unknown}
 r - 2 potions of heal wounds {unknown}
 A - a potion of attraction {unknown}

Dungeon Overview and Level Annotations

Branches:
Dungeon (5/15) Zot: 25759
 Temple: D:4-7

Altars:
Trog
Uskayaw
Wu Jian

Shops:
D:4 [

Annotations:
D:2 1 runed translucent door, Crazy Yiuf
D:5 Pikel

.# .# .## #######..# #. #.
#.<......## #.##.##
##.@).....## #.# #.....###
#.5)...#..##.. ..
#........###............##.#
#......#......##.####.#....#
#......#####..##.####.......
##......#####..##..##........
###............................
..........#####............<...
####......# ##.###...........


You could see a lemure.


Message History

You hear the slow hiss of a distant avalanche of sand. 😮 HP[+1]
Found a stone staircase leading up. 😕 HP[+1]
An ogre comes into view. It is wielding a +0 giant club.
Found an escape hatch in the ceiling.
A lemure and an orc wizard come into view.
The lemure shouts!
The orc wizard shouts! 😕 HP[+1]
An orc comes into view. It is wielding a +0 short sword.
The orc shouts!
The orc wizard gestures at you while chanting.
The puff of flame hits you but does no damage.
A lemure comes into view.
You hear a shout!
You rampage towards the ogre!
The lemure shouts!
You slash the ogre!
You hear a shout!
An orc comes into view. It is wielding a +0 dagger.
The ogre hits you with a +0 giant club!!
* * * LOW HITPOINT WARNING * * *
You hear a shout!
Pikel, Merchant of Souls comes into view.
He is wielding a +1 whip of freezing. 😨 HP[-22]
You take 22 damage, and now have 26/62 hp.
MASSIVE DAMAGE!! (PAUSE)
You hear a shout!
Pikel moves out of view.
The orc wizard gestures at you while chanting.
The magic dart hits you.
* * * LOW HITPOINT WARNING * * *
😨 HP[-4]
You take 4 damage, and now have 22/62 hp. 😨 HP[+1]
The orc wizard casts a spell.
The orc wizard flickers and vanishes for a moment.
There is a stone staircase leading up here.
You slash the ogre! You headbutt the ogre!
You kill the ogre!
Your Fighting skill increases to level 6!
Your Axes skill increases to level 7! 😨 HP[+1]
You now have 63 max hp (+1).
You rampage towards the lemure!
You hit the lemure. You headbutt the lemure! The lemure hits you.
* * * LOW HITPOINT WARNING * * *
😨 HP[-2]
You take 2 damage, and now have 22/63 hp.
You slash the lemure! The lemure hits you but does no damage.
You barely miss the lemure. You headbutt the lemure!
You kill the lemure!
That felt strangely unrewarding.
You completely miss the orc wizard. Your headbutt misses the orc wizard.
You block the orc wizard's attack. 😨 HP[+1]
You closely miss the orc wizard. You headbutt the orc wizard.
The orc wizard hits you with a +0 dagger.
* * * LOW HITPOINT WARNING * * *
😨 HP[-1]
You take 1 damage, and now have 22/63 hp.
You hit the orc wizard.
The orc wizard hits you but does no damage.
You closely miss the orc wizard. You barely miss the orc.
The orc wizard hits you with a +0 dagger.
* * * LOW HITPOINT WARNING * * *
You block the orc's attack. x2; You block the orc wizard's attack. 😨 HP[-1]
You take 1 damage, and now have 21/63 hp.
You slash the orc wizard!
You kill the orc wizard!
You completely miss the orc. The orc closely misses you.
Your Shields skill increases to level 6! 😨 HP[+1]
You closely miss the lemure. You hit the orc. You block the orc's attack.
The lemure hits you.
* * * LOW HITPOINT WARNING * * *
😨 HP[-3]
You take 3 damage, and now have 19/63 hp.
You slash the lemure! You hit the orc.
You kill the orc!
The lemure hits you.
* * * LOW HITPOINT WARNING * * *
😨 HP[-3]
You take 3 damage, and now have 16/63 hp.
You barely miss the lemure. The lemure hits you but does no damage.
You barely miss the lemure. Your headbutt misses the lemure.
The lemure barely misses you. 😨 HP[+1]
You barely miss the lemure. The lemure hits you but does no damage.
The lemure hits you!
* * * LOW HITPOINT WARNING * * *
😱 HP[-7]
You take 7 damage, and now have 10/63 hp.
You hit the lemure but do no damage. The lemure hits you.
* * * LOW HITPOINT WARNING * * *
😱 HP[-4]
You take 4 damage, and now have 6/63 hp.
You slash the lemure! The lemure hits you!
You die...

Skill      XL: |  1  2  3  4  5  6  7 |
---------------+----------------------+-----
Axes           | 3 4 5 6 7 |  7.2
Armour         | 4 5 6 7 |  7.6
Fighting       | 4 5 6 |  6.0
Shields        | 4 5 6 |  6.0

Action                   |  1- 3 |  4- 6 |  7- 9 || total
-------------------------+-------+-------+-------++-------
Melee: War axe           |   135 |    75 |    32 ||   242
       Headbutt          |    27 |    12 |     5 ||    44
Armor: Scale mail        |    23 |    12 |       ||    35
       Ring mail         |       |    10 |    12 ||    22
Dodge: Dodged            |    34 |    34 |    13 ||    81
Block: Buckler           |    19 |    41 |    14 ||    74

Levels and vault maps discovered:
D:1:      mrwooster_arrival_statue_2, layout_loops_corners,
          ebering_ecumenical_altar_rust, serial_forest,
          infiniplex_forest_zigzag_1, infiniplex_forest_join,
          infiniplex_forest_lined_2, infiniplex_forest_lined_room_2,
          infiniplex_forest_straight_3, infiniplex_forest_end_1,
          infiniplex_forest_lined_room_2, hangedman_decor_opposing, minivault_26
D:2:      layout_basic, kennysheep_decorative_pillar, uniq_crazy_yiuf_cottage
D:3:      layout_rooms, nicolae_wu_jian_wuxing_cycle, old_standard_altar
D:4:      layout_basic, nicolae_uskayaw_dance_hall, chequers_jeans,
          minmay_misc_feat_nine_boxes, nicolae_stop_n_shop_1
D:5:      layout_rooms, tgw_fedhas, nicolae_ossuary_entry_catacombs,
          serial_shops, nicolae_shop_waterfront, uniq_pikel

Notes
Turn   | Place    | Note
-------+----------+-------------------------------------------
     0 | D:1      | Sanktem7 the Minotaur Fighter began the quest for the Orb.
     0 | D:1      | Reached XP level 1. HP: 19/19 MP: 0/0
     0 | D:1      | magus.rc [v1.9.6]
   254 | D:1      | Reached XP level 2. HP: 24/27 MP: 1/1
   371 | D:1      | Found a faded altar of an unknown god.
   723 | D:1      | Reached skill level 3 in Axes
   772 | D:1      | You pick up a book of Displacement and begin reading...
   772 | D:1      | You add the spells Lesser Beckoning, Gell's Gravitas and
                  | Teleport Other to your library.
  1133 | D:2      | Reached skill level 4 in Armour
  1301 | D:2      | Reached skill level 4 in Fighting
  1304 | D:2      | Reached XP level 3. HP: 33/33 MP: 2/2
  1416 | D:2      | Reached skill level 4 in Shields
  1770 | D:2      | Found a runed translucent door.
  1771 | D:2      | Noticed Crazy Yiuf
  2094 | D:3      | Reached XP level 4. HP: 28/40 MP: 3/3
  2099 | D:3      | Reached skill level 4 in Axes
  2102 | D:3      | Reached skill level 5 in Armour
  2102 | D:3      | Reached XP level 5. HP: 33/47 MP: 4/4
  2441 | D:3      | Found an ornate altar of the Wu Jian Council.
  2545 | D:3      | Found a bloodstained altar of Trog.
  2798 | D:4      | Noticed an ogre
  2798 | D:4      | Found Kyiw Reu's Antique Armour Shoppe.
  2804 | D:4      | Killed an ogre
  2805 | D:4      | Reached skill level 5 in Axes
  2965 | D:4      | Reached XP level 6. HP: 51/55 MP: 5/5
  3024 | D:4      | Found a hide-covered altar of Uskayaw.
  3046 | D:4      | Identified the +1 ring mail of a treasure trove {Rampage
                  | Int+2 Dex-2 SInv}
  3214 | D:4      | Reached skill level 5 in Fighting
  3218 | D:4      | Reached skill level 6 in Armour
  3218 | D:4      | Reached skill level 5 in Shields
  3553 | D:4      | Noticed a steam dragon
  3561 | D:4      | HP: 12/56 [steam dragon/ball of steam (8)]
  3563 | D:4      | HP: 3/56 [steam dragon (4)]
  3565 | D:4      | Killed a steam dragon
  3566 | D:4      | Reached skill level 6 in Axes
  3566 | D:4      | Reached XP level 7. HP: 4/61 MP: 6/6
  4022 | D:5      | Entered Level 5 of the Dungeon
  4030 | D:5      | Reached skill level 7 in Armour
  4135 | D:5      | Noticed Pikel
  4146 | D:5      | Reached skill level 6 in Fighting
  4146 | D:5      | Reached skill level 7 in Axes
  4154 | D:5      | Reached skill level 6 in Shields
  4158 | D:5      | HP: 10/63 [lemure[Pikel] (7)]
  4160 | D:5      | Slain by a lemure

Vanquished Creatures
  A steam dragon (D:4)
  2 black bears (D:5)
  3 ogres
  A lemure (D:5)
  3 hounds (D:4)
  3 orc priests (D:3)
  A jelly (D:5)
  An iguana (D:3)
  An orc wizard (D:5)
  4 adders
  A dart slug (D:2)
  7 orcs
  5 ball pythons
  4 bats
  6 endoplasms (D:2)
  3 giant cockroaches
  5 goblins
  8 hobgoblins
  4 kobolds
  5 quokkas
  A frilled lizard (D:2)
  6 rats
  A bush (D:1)
76 creatures vanquished.

Vanquished Creatures (others)
  2 plants (D:1)
2 creatures vanquished.

Grand Total: 78 creatures vanquished

Table legend:
 A = Non-vault XP
 B = Vault XP
 C = Vault XP percentage of total XP
 D = Non-vault monster count
 E = Vault monster count
 F = Vault count percentage of total count
                 A         B        C        D         E       F
            +---------+---------+-------+---------+---------+-------
      Total |    1324 |       0 |   0.0 |      74 |       0 |   0.0
            +---------+---------+-------+---------+---------+-------
        D:1 |      20 |       0 |   0.0 |      13 |       0 |   0.0
        D:2 |      58 |       0 |   0.0 |      25 |       0 |   0.0
        D:3 |     175 |       0 |   0.0 |      12 |       0 |   0.0
        D:4 |     608 |       0 |   0.0 |      17 |       0 |   0.0
        D:5 |     463 |       0 |   0.0 |       7 |       0 |   0.0
            +---------+---------+-------+---------+---------+-------

Illustrated notes

Table legend:
 A = Kills in this place as a percentage of kills in entire the game.
 B = Kills by you in this place as a percentage of kills by you in the entire game.
 C = Kills by friends in this place as a percentage of kills by friends in the entire game.
 D = Other kills in this place as a percentage of other kills in the entire game.
 E = Experience gained in this place as a percentage of experience gained in the entire game.
 F = Experience gained in this place divided by the number of levels of this place that you have seen.
                   A       B       C       D       E      F
               +-------+-------+-------+-------+-------+----------------------
         Total | 100.0 | 100.0 |   N/A |   N/A | 100.0 | 264.8
       Dungeon | 100.0 | 100.0 |   N/A |   N/A | 100.0 | 264.8
               +-------+-------+-------+-------+-------+----------------------

Table legend: (Time is in decaauts)
 A = Elapsed time spent in this place.
 B = Non-inter-level travel time spent in this place.
 C = Inter-level travel time spent in this place.
 D = Time resting spent in this place.
 E = Time spent auto-exploring this place.
 F = Levels seen in this place.
 G = Mean time per level.
                   A        B        C        D        E       F      G
               +--------+--------+--------+--------+--------+-----+--------+
         Total |   4239 |   4187 |     52 |    279 |   3245 |   5 |  847.8 |
       Dungeon |   4239 |   4187 |     52 |    279 |   3245 |   5 |  847.8 |
               +--------+--------+--------+--------+--------+-----+--------+

Top non-repeatable levels by time:
     D:4: 1235 daAuts
     D:1: 1157 daAuts
     D:2: 945 daAuts
     D:3: 756 daAuts
     D:5: 143 daAuts
